 Dungeon Crawl Stone Soup version 0.14.1-26-g5a19342 (webtiles) character file.

99 17mthomas the Ruinous (level 3, -2/14 HPs)
             Began as a Felid Conjurer on July 18, 2014.
             Slain by a worm (9 damage)
             ... on Level 2 of the Dungeon.
             The game lasted 00:17:49 (1590 turns).

17mthomas the Ruinous (Felid Conjurer)              Turns: 1590, Time: 00:17:50

HP  -2/14        AC  1     Str  4      XL: 3   Next: 17%
MP   3/8         EV 18     Int 16      God:
Gold 64          SH  0     Dex 17      Spells:  2 memorised,  3 levels left
Lives: 0, deaths: 0

rFire  . . .     SeeInvis +     (weapon unavailable)
rCold  . . .     Clarity  .     (armour unavailable)
rNeg   . . .     Conserve .     (shield unavailable)
rPois  .         rCorr    .     (helmet unavailable)
rElec  .         rRot     .     (cloak unavailable)
SustAb . .       Spirit   .     (gloves unavailable)
rMut   .         Warding  .     (boots unavailable)
Saprov . . .     Stasis   .     (no amulet)
MR     .....                    (no ring)
                                (no ring)

@: quick, not resistant to hostile enchantments, quite stealthy
A: paw claws, no armour, no weapons or thrown items, fangs 3, see invisible,
carnivore 3, speed 1, shaggy fur 1, slow metabolism 1, jump 1
a: Jump Attack


You were on level 2 of the Dungeon.
You were full.

You visited 1 branch of the dungeon, and saw 2 of its levels.

You collected 64 gold pieces.

Inventory:

Armour
 g - a +0 robe
Comestibles
 b - 3 meat rations
Scrolls
 d - a scroll of noise {unknown}
 f - a scroll of remove curse {unknown}
 h - a scroll of teleportation {unknown}
 j - a scroll of random uselessness {unknown}
Potions
 a - a potion of brilliance {unknown}
 e - a potion of heal wounds {unknown}
 i - a potion of poison {unknown}
 k - a potion of agility {unknown}
Books
 c - a book of Conjurations

   Spells                             Type                      Level
   *Magic Dart                        Conjuration                  1
   *Searing Ray                       Conjuration                  2
   Dazzling Spray                     Conjuration/Hexes            3
   Fulminant Prism                    Conjuration/Hexes            4
   Iskenderun's Mystic Blast          Conjuration                  4
   Iskenderun's Battlesphere          Conjuration/Charms           5


   Skills:
 + Level 3.2 Dodging
 - Level 3.0 Stealth
 - Level 2.0 Spellcasting
 - Level 4.3 Conjurations


You had 3 spell levels left.
You knew the following spells:

 Your Spells              Type           Power        Failure   Level  Hunger
a - Magic Dart            Conj           ###.         4%          1    #......
b - Searing Ray           Conj           ###...       8%          2    ###....


Dungeon Overview and Level Annotations

Branches:
Dungeon (2/15)

Altars:


Innate Abilities, Weirdness & Mutations

You cannot wear armour.
You are incapable of wielding weapons or throwing items.
Your paws have sharp claws.
You have razor-sharp teeth.
You have supernaturally acute eyesight.
You are carnivorous and can eat meat at any time.
You cover ground quickly.
You are covered in fur (AC +1).
You have a slow metabolism.
You can jump attack at a short distance.


Message History

The worm is severely wounded.
Casting: Magic Dart
Confirm with . or Enter, or press ? or * to list all spells.
Aiming: Magic Dart
Press: ? - help, Shift-Dir - straight line, f/p - worm
Aim: a worm (severely wounded)
The magic dart hits the worm.
The worm is severely wounded.
The worm misses you.
You scratch the worm.
The worm is almost dead.
The worm bites you!
Ouch! That really hurt!
You barely miss the worm.
The worm is almost dead.
You scratch the worm.
The worm is almost dead.
The worm bites you!
Ouch! That really hurt!
You die...

#####
#############
....#
.....<........#
....###
........(.....#
......
..............#
....#
+...........?..#
....#
#?.....w@......#
...%#
#..............#
....#
########'#######
....# #.# .####
#.# .# #.# ##
#.# # #.# #####
#.##


You could see a worm.

Vanquished Creatures
  An adder (D:2)
  A giant gecko (D:2)
  7 bats
  A giant cockroach (D:1)
  3 hobgoblins
  A kobold (D:1)
  3 giant newts
  4 goblins
  3 rats
24 creatures vanquished.

Notes
Turn   | Place    | Note
--------------------------------------------------------------
     0 | D:1      | 17mthomas, the Felid Conjurer, began the quest for the Orb.
     0 | D:1      | Reached XP level 1. HP: 7/7 MP: 4/4
   427 | D:1      | Reached XP level 2. HP: 7/11 MP: 5/5
   583 | D:1      | Reached skill level 4 in Conjurations
   998 | D:1      | Learned a level 2 spell: Searing Ray
  1335 | D:2      | Reached XP level 3. HP: 14/14 MP: 6/8
  1590 | D:2      | Slain by a worm

Action                   || total
-------------------------++-------
Melee: Unarmed           ||    82
 Cast: Magic Dart        ||    29
  Use: Potion            ||     2
 Stab: Sleeping          ||     1
